 Dungeon Sprint DCSS version 0.28-a0-872-g80cf8599ee (webtiles) character file.

Game seed: 17726475272533930987

284 tatocazan the Skirmisher (level 6, -9/53 HPs)
             Began as a Demonspawn Fighter on Nov 20, 2021.
             Was a Follower of Okawaru.
             Mangled by a two-headed ogre (14 damage)
             ... in the Dungeon (Sprint IX: "|||||||||||||||||||||||||||||").
             The game lasted 00:01:17 (406 turns).

tatocazan the Skirmisher (Demonspawn Fighter)        Turns: 406, Time: 00:01:17

Health: -9/53      AC: 14    Str: 18    XL:     6   Next: 7%
Magic:  4/9        EV:  7    Int: 10    God:    Okawaru [*.....]
Gold:   0          SH:  6    Dex: 15    Spells: 5/5 levels left

rFire   . . .      SeeInvis .   a - +0 long sword
rCold   . . .      Faith    .   c - +0 buckler
rNeg    . . .      Spirit   .   n - +1 chain mail
rPois   .          Reflect  .   (helmet restricted)
rElec   .          Harm     .   (no cloak)
rCorr   .          Rampage  .   (no gloves)
Will    .....      NoTele   +   m - +0 pair of boots
Stlth   ..........              (no amulet)
HPRegen 0.17/turn               o - +2 ring of protection
MPRegen 0.11/turn               p - +3 ring of dexterity

@: mighty
A: horns 1, ignite blood 1, demonic magic 1
a: Renounce Religion, Heroism


You were in the Dungeon.
You worshipped Okawaru.
Okawaru was aware of your devotion.
You visited 1 branch

Inventory:

Hand Weapons
 a - a +0 long sword (weapon)
Armour
 b - a +0 scale mail
 c - a +0 buckler (worn)
 m - a +0 pair of boots (worn)
 n - a +1 chain mail (worn)
Jewellery
 o - a +2 ring of protection (left hand)
 p - a +3 ring of dexterity (right hand)
Wands
 l - a wand of iceblast (10)
Scrolls
 j - 2 scrolls of blinking
 k - 2 scrolls of amnesia
Potions
 e - 4 potions of curing
 g - a potion of haste
 h - 4 potions of magic
 i - a potion of invisibility


   Skills:
 + Level 6.6 Fighting
 * Level 6.4 Long Blades
 + Level 6.0 Armour
 + Level 6.0 Shields
 + Level 4.1 Invocations


You had 5 spell levels left.
You didn't know any spells.
Your spell library was empty.

Dungeon Overview and Level Annotations

Branches:
Dungeon (1/1)

Altars:
Cheibriados
Dithmenos
Elyvilon
Fedhas
Gozag
Hepliaklqana
Kikubaaqudgha
Makhleb
Nemelex Xobeh
Okawaru
Qazlal
Ru
Sif Muna
Trog
Uskayaw
Vehumet
Wu Jian
Xom
Yredelemnul
Zin
The Shining One
Beogh
Jiyva
Lugonu


Innate Abilities, Weirdness & Mutations

You have a pair of small horns on your head.
Your demonic aura sometimes causes spilled blood to erupt in flames.
Spells you cast may paralyse adjacent enemies.


Message History

You slash something! You headbutt something. Something completely misses you.
Something bites you but does no damage.
You slash something! You headbutt something. Something hits you!
You block something's attack.
You take 7 damage, and have 14/40 hp.
You closely miss something. You headbutt something!
Okawaru is honoured by your kill.
You can now gain great but temporary skills.
Reactivating autopickup.
You feel a bit more experienced.
Your Fighting skill increases to level 6!
Your Long Blades skill gained 2 levels and is now at level 6!
Your Armour skill increases to level 6!
Your Shields skill increases to level 6!
Your Invocations skill gained 4 levels and is now at level 4!
You have reached level 5!
Your demonic ancestry asserts itself...
A menacing aura infuses your magic.
You have reached level 6!
Your experience leads to an increase in your attributes!
Your base attributes are Str 17, Int 10, Dex 12.
Increase (S)trength, (I)ntelligence, or (D)exterity?
You feel stronger.
Your demonic ancestry asserts itself...
Your blood heats up.
You regained 5 hp, and now have 19/53 hp.
You feel much better. You block the two-headed ogre's attack.
The two-headed ogre hits you with a +0 giant spiked club!!
You regained 6 hp, and now have 25/53 hp.
You hit the two-headed ogre. You headbutt the two-headed ogre.
The two-headed ogre is lightly wounded.
The two-headed ogre hits you with a +0 giant spiked club!!
* * * LOW HITPOINT WARNING * * *
The two-headed ogre barely misses you.
You take 20 damage, and have 5/53 hp.
MASSIVE DAMAGE!!
You slash the two-headed ogre!
The two-headed ogre is moderately wounded.
You hit the two-headed ogre. You headbutt the two-headed ogre!
The two-headed ogre is severely wounded.
The two-headed ogre hits you with a +0 giant spiked club!
You die...

▓.▓
▓.▓
▓Z▓
▓D▓
▓c▓
▓O▓
▓O▓
▓@▓
▓.▓
▓.▓
▓.▓
▓[▓
▓.▓
▓)▓
▓.▓
▓.▓


You could see 2 two-headed ogres, an acid dragon, a centaur and a bat zombie.

Vanquished Creatures
  A vampire (D)
  2 howler monkeys (D)
  A hound (D)
  2 adders (D)
  An endoplasm (D)
  A giant cockroach (D)
  A hobgoblin (D)
  A quokka (D)
  A bat (D)
11 creatures vanquished.

Notes
Turn   | Place    | Note
-------+----------+-------------------------------------------
     0 | D        | tatocazan the Demonspawn Fighter began the quest for the
                  | Orb.
     0 | D        | Reached XP level 1. HP: 18/18 MP: 1/1
   135 | D        | Noticed a howler monkey
   135 | D        | Noticed a howler monkey
   135 | D        | Noticed a hound
   140 | D        | Discovered your monstrous ancestry.
   140 | D        | Gained mutation: You have a pair of small horns on your
                  | head. [demonic ancestry]
   140 | D        | Reached XP level 2. HP: 25/25 MP: 2/2
   143 | D        | Reached XP level 3. HP: 31/31 MP: 3/3
   144 | D        | Reached skill level 5 in Fighting
   144 | D        | Reached XP level 4. HP: 39/39 MP: 4/4
   150 | D        | Reached skill level 5 in Armour
   150 | D        | Reached skill level 5 in Shields
   178 | D        | Found a snail-covered altar of Cheibriados.
   178 | D        | Found a shadowy altar of Dithmenos.
   178 | D        | Found a blossoming altar of Fedhas.
   178 | D        | Found an opulent altar of Gozag.
   179 | D        | Found a hazy altar of Hepliaklqana.
   180 | D        | Found a viscous altar of Jiyva.
   181 | D        | Found an ancient bone altar of Kikubaaqudgha.
   182 | D        | Found a corrupted altar of Lugonu.
   183 | D        | Found a burning altar of Makhleb.
   184 | D        | Found a sparkling altar of Nemelex Xobeh.
   185 | D        | Found an iron altar of Okawaru.
   186 | D        | Found a stormy altar of Qazlal.
   187 | D        | Found a sacrificial altar of Ru.
   188 | D        | Found a shimmering blue altar of Sif Muna.
   189 | D        | Found a bloodstained altar of Trog.
   190 | D        | Found a hide-covered altar of Uskayaw.
   191 | D        | Found a radiant altar of Vehumet.
   192 | D        | Found an ornate altar of the Wu Jian Council.
   193 | D        | Became a worshipper of Warmaster Okawaru
   339 | D        | Found a shimmering altar of Xom.
   340 | D        | Found a basalt altar of Yredelemnul.
   385 | D        | Noticed an acid dragon
   385 | D        | Noticed a two-headed ogre
   385 | D        | Noticed a centaur
   385 | D        | Noticed a two-headed ogre
   385 | D        | Noticed a vampire
   392 | D        | HP: 1/40 [something (8)]
   402 | D        | Killed a vampire
   402 | D        | Reached * piety under Okawaru
   403 | D        | Gained mutation: Spells you cast may paralyse adjacent
                  | enemies. [demonic ancestry]
   403 | D        | Reached XP level 5. HP: 16/47 MP: 4/8
   403 | D        | Gained mutation: Your demonic aura sometimes causes spilled
                  | blood to erupt in flames. [demonic ancestry]
   403 | D        | Reached XP level 6. HP: 19/53 MP: 4/9
   406 | D        | Mangled by a two-headed ogre

Illustrated notes

Levels and vault maps discovered:
D:        linesprint [early_d, line_temple, items_1, d_10, items_2, lair_1,
          lair_end, items_3, orc_1, orc_end, items_4, d_15, swamp_1, shoals_1,
          snake_1, spider_1, d_20, vaults_1, items_5, swamp_end, shoals_end,
          snake_end, spider_end, vaults_end, d_27, items_6, zot_1, zot_end,
          crypt_end, forest_end, elf_end, slime_end, tomb_end, abyss_end,
          pan_hell_end]

Skill      XL: |  1  2  3  4 |
---------------+-------------+-----
Long Blades    | 2 3 4 6 |  6.4
Armour         | 3 4 6 |  6.0
Shields        | 3 4 6 |  6.0
Fighting       | 4 5 6 |  6.6
Invocations    | 4 |  4.1

Action                   |  1- 3 |  4- 6 || total
-------------------------+-------+-------++-------
Melee: Long sword        |    16 |    28 ||    44
       Headbutt          |     3 |     9 ||    12
  Use: Potion            |     1 |     5 ||     6
Armor: Scale mail        |     5 |     6 ||    11
       Chain mail        |       |    11 ||    11
Dodge: Dodged            |     6 |     7 ||    13
Block: Buckler           |     1 |    10 ||    11

Table legend: (Time is in decaauts)
 A = Elapsed time spent in this place.
 B = Non-inter-level travel time spent in this place.
 C = Inter-level travel time spent in this place.
 D = Time resting spent in this place.
 E = Time spent auto-exploring this place.
 F = Levels seen in this place.
 G = Mean time per level.
                   A        B        C        D        E       F      G
               +--------+--------+--------+--------+--------+-----+--------+
         Total |    421 |    421 |      0 |    278 |      3 |   1 |  421.0 |
       Dungeon |    421 |    421 |      0 |    278 |      3 |   1 |  421.0 |
               +--------+--------+--------+--------+--------+-----+--------+

Top non-repeatable levels by time:
       D: 421 daAuts
